cohdb
Replays
Latest Replays
All Replays
Popular Replays
Top Player Replays
Match Explorer
How It Works
Community
CoH3 Stats
Reddit
Sign in to upload your games and track your stats! →
Sign in with Steam
Match 40778106
Unlisted
Match 40778106
Overview
Messages
Build Orders
End
Construct Section Command Post
Selects Indian Artillery Battlegroup
Infantry Section
ML 3-inch Mortar Team
Infantry Section
Construct Field Infirmary
Grenade Package
Selects Valour
Construct Platoon Command Post
Selects Gurkha Rifles Section
Gurkha Rifles Section
Royal Engineer Section
6-pounder Anti-tank Gun Team
Unlock Bishop Self-propelled Artillery
Infantry Training
Bishop Self-propelled Artillery
Bishop Self-propelled Artillery
aion907(ROK)
NuNuKING
That guy
Billy
彡★🔻SALADIN🔻★彡
weekband
0
0
Comments
sign in to comment!
No comments posted yet!